 Dungeon Crawl Stone Soup version 0.26.1-11-gd32895ea62 (webtiles) character file.

Game seed: 11144556939287197518

1343 Zeld the Slicer (level 8, -14/50 HPs)
             Began as an Octopode Brigand on May 13, 2021.
             Splashed by an oklob plant's acid (18 damage)
             ... on level 6 of the Dungeon.
             The game lasted 00:09:50 (9869 turns).

Zeld the Slicer (Octopode Brigand)                  Turns: 9869, Time: 00:09:51

Health: -14/50     AC: -7    Str: 24      XL:     8   Next: 62%
Magic:  8/8        EV: 12    Int: 14      God:
Gold:   27         SH:  0    Dex: 10 (13) Spells: 7/7 levels left

rFire    . . .     SeeInvis .   w - +6 short sword
rCold    . . .     Faith    .   (no shield)
rNeg     . . .     Spirit   .   (helmet restricted)
rPois    .         Reflect  .   (no amulet)
rElec    .         Harm     .   j - +6 ring of strength
rCorr    .         Rampage  .   i - +6 ring of strength
Will     .....                  (no ring)
Stlth    ++++......             (no ring)
HPRegen  0.16/turn              (no ring)
MPRegen  0.11/turn              (no ring)
                                (no ring)
                                (no ring)

@: corroded
A: almost no armour, stealthy swim, amphibious, 8 rings, constrict 8, camouflage
1, gelatinous body 1
a: no special abilities


You were on level 6 of the Dungeon.
You visited 2 branches of the dungeon, and saw 7 of its levels.
You also visited: Ossuary.

You collected 328 gold pieces.
You spent 301 gold pieces at shops.

Inventory:

Hand Weapons
 a - a +2 dagger
 w - a +6 short sword (weapon)
Missiles
 b - 5 poisoned darts (quivered)
 c - 2 curare-tipped darts
Jewellery
 i - a +6 ring of strength (right tentacle)
 j - a +6 ring of strength (left tentacle)
Wands
 k - a wand of digging (9)
 l - a wand of random effects (19)
Scrolls
 d - 3 scrolls of teleportation
 f - 2 scrolls of fear
 o - a scroll of magic mapping
 q - a scroll of enchant armour
 t - 2 scrolls of blinking
 u - 3 scrolls of remove curse
 y - a scroll of amnesia
Potions
 e - a potion of resistance
 g - 3 potions of might
 h - a potion of magic
 m - 2 potions of haste {unknown}
 n - 2 potions of heal wounds {unknown}
 r - a potion of invisibility {unknown}
 s - 2 potions of curing {unknown}
 v - 2 potions of brilliance {unknown}


   Skills:
 - Level 2.0 Fighting
 * Level 8.8 Short Blades
 - Level 6.0 Throwing
 - Level 1.0 Dodging
 - Level 5.3 Stealth


You had 7 spell levels left.
You didn't know any spells.
Your spell library was empty.

Dungeon Overview and Level Annotations

Branches:
Dungeon (6/15)             Temple (1/1) D:4         Ossuary (visited)

Altars:
Dithmenos
Elyvilon
Gozag
Kikubaaqudgha
Makhleb
Sif Muna
Trog
Uskayaw
Wu Jian
Xom
Yredelemnul
The Shining One

Shops:
D:5 :   D:6 ?

Annotations:
D:4 1 runed translucent door, Zeld's ghost, novice OpFi
D:6 exclusion: oklob plant


Innate Abilities, Weirdness & Mutations

You cannot wear most types of armour.
You are very stealthy in the water. (Stealth+)
You are amphibious.
You can wear up to eight rings at the same time.
You can use your tentacles to constrict eight enemies at once.
Your skin changes colour to match your surroundings (Stealth+).
Your rubbery body absorbs attacks. (AC +1, EV +1)


Message History

You closely miss the leopard gecko. You grab the leopard gecko.
You squeeze the leopard gecko.
The leopard gecko is heavily wounded.
You constrict the leopard gecko.
You kill the leopard gecko!
No target in view!
No target in view!
No target in view!
No target in view!
You see here a club.
Partly explored, can't reach some places.
Partly explored, can't reach some places.
Really walk into a travel-excluded area?
The oklob plant spits acid at you. The splash of acid hits you!
The acid corrodes you!
You are splashed with acid!
The oklob plant spits acid at you. The splash of acid hits you!
* * * LOW HITPOINT WARNING * * *
The acid corrodes you!
You are splashed with acid!!
You die...

..## ##.....## ...## ##...#...#
....# ##...≈≈≈... ...######
##...≈≈#≈≈.. .........
##...≈≈...≈≈. ..##### ####
##...≈≈.....≈≈ #.##.. ..#
#...≈≈.......≈ #.##.# #.#
#........∩.... #.##.# #@#
#...≈≈.......≈
#....###########.####...≈≈.....≈≈
#.............##....##...≈≈...≈≈.
.......###...........##...≈≈#≈≈..
#.#.....##.##.##....).##...≈≈≈...
#........#.##.##.##....##...#...#
..†......#.##.##.#......##(....##
.........#.##.##P#....†..##...###
........#...#.#P_P.......###'## #


You could see an oklob plant.

Vanquished Creatures
  3 ogres
  A centaur (D:5)
  2 water moccasin zombies (Ossuary)
  A bullfrog (D:5)
  A scorpion (D:6)
  A howler monkey (D:4)
  A quasit (D:6)
  A bullfrog skeleton (D:5)
  A hound (D:3)
  4 orc wizards
  Crazy Yiuf (D:3)
  An orc priest (D:5)
  Jessica (D:2)
  2 iguanas (D:4)
  Natasha (thrice) (D:4)
  2 worker ants (D:4)
  A big kobold zombie (Ossuary)
  3 mummies
  3 gnolls (D:5)
  5 adders
  An ooze (D:3)
  5 adder zombies
  5 worms
  A dart slug (D:3)
  4 leopard geckos
  15 orcs
  7 giant cockroaches
  7 goblins
  6 hobgoblins
  2 jackals (D:3)
  10 kobolds
  2 quokkas (D:5)
  2 ball pythons
  A ball python skeleton (D:4)
  5 bats
  5 frilled lizards
  2 gnoll zombies (Ossuary)
  A goblin zombie (D:5)
  5 hobgoblin zombies (Ossuary)
  7 kobold zombies
  5 orc zombies (Ossuary)
  A quokka zombie (D:5)
  10 rats
147 creatures vanquished.

Notes
Turn   | Place    | Note
-------+----------+-------------------------------------------
     0 | D:1      | Zeld the Octopode Brigand began the quest for the Orb.
     0 | D:1      | Reached XP level 1. HP: 14/14 MP: 1/1
   177 | D:1      | Reached XP level 2. HP: 19/19 MP: 2/2
  1221 | D:2      | Reached XP level 3. HP: 24/24 MP: 3/3
  1945 | D:2      | Noticed Jessica
  1951 | D:2      | Killed Jessica
  1952 | D:2      | Reached XP level 4. HP: 29/29 MP: 4/4
  2447 | D:3      | Found a runed translucent door.
  2448 | D:3      | Noticed Crazy Yiuf
  2697 | D:3      | Reached skill level 5 in Throwing
  2697 | D:3      | Reached XP level 5. HP: 34/34 MP: 5/5
  3138 | D:3      | Killed Crazy Yiuf
  3293 | D:4      | Found an opulent altar of Gozag.
  3342 | D:4      | Noticed an ogre
  3365 | D:4      | Noticed an ogre
  3366 | D:4      | Killed an ogre
  3367 | D:4      | Reached XP level 6. HP: 39/39 MP: 6/6
  3414 | D:4      | Reached skill level 3 in Short Blades
  3419 | D:4      | Noticed Natasha
  3812 | D:4      | Reached skill level 4 in Short Blades
  3932 | D:4      | Found a staircase to the Ecumenical Temple.
  3950 | Temple   | Entered the Ecumenical Temple
  4318 | D:3      | Reached XP level 7. HP: 15/45 MP: 7/7
  5147 | D:4      | Reached skill level 5 in Short Blades
  5600 | D:4      | HP: 2/45 [poisoned by a worker ant]
  6026 | D:4      | Killed Natasha
  6033 | D:4      | Noticed Natasha
  6044 | D:4      | Killed Natasha
  6055 | D:4      | Noticed Natasha
  6063 | D:4      | Killed Natasha
  6418 | D:4      | Found a runed translucent door.
  6419 | D:4      | Noticed Zeld's ghost (novice OpFi)
  6419 | D:4      | Noticed a troll
  6482 | D:4      | Reached skill level 6 in Short Blades
  6943 | D:5      | Entered Level 5 of the Dungeon
  7056 | D:5      | Found a sand-covered staircase.
  7063 | Ossuary  | Entered an ossuary
  7373 | Ossuary  | Reached skill level 7 in Short Blades
  7373 | Ossuary  | Reached XP level 8. HP: 23/50 MP: 8/8
  8812 | D:5      | Found Yheoc's Book Boutique.
  8871 | D:5      | Reached skill level 8 in Short Blades
  9217 | D:5      | Found a basalt altar of Yredelemnul.
  9499 | D:6      | Found a white marble altar of Elyvilon.
  9503 | D:6      | Noticed an oklob plant
  9678 | D:6      | Found Koqen's Magic Scroll Shoppe.
  9808 | D:6      | Bought a scroll of fear for 49 gold pieces
  9808 | D:6      | Bought a scroll of identify for 28 gold pieces
  9808 | D:6      | Bought a scroll of silence for 105 gold pieces
  9808 | D:6      | Bought a scroll of amnesia for 49 gold pieces
  9808 | D:6      | Bought a scroll of identify for 28 gold pieces
  9808 | D:6      | Bought a scroll of remove curse for 42 gold pieces
  9869 | D:6      | Splashed by an oklob plant's acid

Illustrated notes

Levels and vault maps discovered:
D:1:      dpeg_arrival_rooms_a, layout_loops_ring
D:2:      layout_loops_corners, uniq_jessica
D:3:      layout_basic, uniq_crazy_yiuf_cottage
D:4:      layout_rooms, lemuel_round_altar, minmay_temple_entry_junction_2,
          ebering_ghost_inner_flame, uniq_natasha
D:5:      layout_loops_cross, yredelemnul_altar_generic,
          nicolae_ossuary_entry_giza, serial_shops, shop_statue
D:6:      layout_loops_ring, minmay_overflow_temple_star_hex,
          kennysheep_diamond, lemuel_oklob_altar
Temple:   compressed_dpeg_triangle_lava_temple

Skill      XL: |  1  2  3  4  5  6  7  8 |
---------------+-------------------------+-----
Throwing       | 3 4 5 6 |  6.0
Short Blades   | 4 7 8 |  8.8
Fighting       | |  2.0
Dodging        | |  1.0
Stealth        | |  5.3

Action                   |  1- 3 |  4- 6 |  7- 9 || total
-------------------------+-------+-------+-------++-------
Melee: Dagger            |    48 |   109 |    87 ||   244
       Constrict         |    11 |    27 |    45 ||    83
       Tentacles         |     9 |    18 |    56 ||    83
       Short sword       |       |       |    94 ||    94
Throw: Dart              |       |    16 |     5 ||    21
  Use: Scroll            |       |       |    16 ||    16
 Stab: Sleeping          |    12 |     9 |    12 ||    33
Armor: Skin              |     4 |     9 |     5 ||    18
Dodge: Dodged            |    16 |    73 |    95 ||   184
